 Dungeon Crawl Stone Soup version 0.20-a0-453-g91466d2 (webtiles) character file.

11636 M4edhros the Fruitful (level 11, -17/80 HPs)
             Began as an Octopode Artificer on Jan 8, 2017.
             Was a Priest of Fedhas.
             Demolished by a freezing wraith (25 damage)
             ... in an ice cave.
             The game lasted 00:20:36 (11402 turns).

M4edhros the Fruitful (Octopode Artificer)         Turns: 11402, Time: 00:20:36

Health: -17/80     AC:  3    Str: 10    XL:     11   Next: 80%
Magic:  19/19      EV: 23    Int: 16    God:    Fedhas [***...]
Gold:   429        SH:  0    Dex: 15    Spells: 10/10 levels left

rFire  . . .     SeeInvis .     h - +1 short sword (venom)
rCold  . . .     Gourm    .     (no shield)
rNeg   . . .     Faith    .     (helmet restricted)
rPois  .         Spirit   .     N - amulet of harm
rElec  .         Reflect  .     m - +4 ring of evasion
rCorr  .         Harm     +     (no ring)
MR     .....                    (no ring)
Stlth  ++++++....               (no ring)
                                (no ring)
                                (no ring)
                                (no ring)
                                (no ring)

@: no status effects
A: almost no armour, stealthy swim, amphibious, 8 rings, constrict 8, molten
scales 1, camouflage 1, blurry vision 1, clever 1, deterioration 1, slow
regeneration 1, weak 1, gelatinous body 1
a: Fungal Bloom, Evolution, Sunlight, Growth, Renounce Religion


You were in an ice cave.
You worshipped Fedhas.
Fedhas was most pleased with you.
You were hungry.

You visited 2 branches of the dungeon, and saw 12 of its levels.
You also visited: Ossuary and Ice Cave.

You collected 485 gold pieces.
You spent 56 gold pieces at shops.

Inventory:

Hand Weapons
 h - a +1 short sword of venom (weapon)
 E - a +2 dire flail of protection
 K - a cursed -2 hunting sling
Missiles
 j - 7 curare-tipped needles
 L - 322 stones (quivered)
Armour
 M - a +0 buckler
 W - a +0 buckler
Jewellery
 m - a +4 ring of evasion (left tentacle)
 N - an amulet of harm (around mantle)
Wands
 b - a wand of flame (0/48)
 d - a wand of random effects (9/48)
 e - a wand of random effects (29/48)
 C - a wand of iceblast (5/15)
 R - a wand of scattershot (4/9)
 S - a wand of flame (24/48)
Scrolls
 l - 2 scrolls of recharging
 p - 2 scrolls of fear
 u - 2 scrolls of enchant armour
 y - 10 scrolls of teleportation
 G - a scroll of immolation
 Q - a scroll of enchant weapon
 T - a scroll of vulnerability
 Y - a scroll of fog
 Z - 3 scrolls of magic mapping
Potions
 c - a potion of mutation {unknown}
 g - 6 potions of curing
 n - 3 potions of ambrosia
 s - 2 potions of heal wounds
 v - 3 potions of brilliance
 z - a potion of invisibility
 A - 3 potions of flight
 B - 2 potions of agility
 D - 3 potions of might
 F - 2 potions of lignification
 U - a potion of berserk rage
Books
 o - a book of Cantrips

   Spells                             Type                      Level
   a - Confusing Touch                Hexes                        1
   b - Animate Skeleton               Necromancy                   1
   c - Summon Small Mammal            Summoning                    1
   d - Apportation                    Translocation                1
 I - a book of Misfortune

   Spells                             Type                      Level
   a - Confusing Touch                Hexes                        1
   b - Confuse                        Hexes                        3
   c - Gell's Gravitas                Hexes/Translocation          3
   d - Petrify                        Transmutation/Earth          4
   e - Metabolic Englaciation         Hexes/Ice                    5
   f - Yara's Violent Unravelling     Hexes/Transmutation          5
Comestibles
 a - a meat ration
 f - 7 bread rations
 i - 5 beef jerkies
 P - 8 slices of pizza
 X - a royal jelly


   Skills:
 + Level 9.3 Fighting
 - Level 1.0 Short Blades
 + Level 9.2 Dodging
 - Level 10.8 Stealth
 * Level 11.6 Invocations
 - Level 3.2 Evocations


You had 10 spell levels left.
You didn't know any spells.

Dungeon Overview and Level Annotations

Branches:
Dungeon (11/15)            Temple (1/1) D:6            Lair (0/6) D:9
    Orc: D:9-12

Altars:
Ashenzari
Dithmenos
Elyvilon
Fedhas
Kikubaaqudgha
Makhleb
Okawaru
Ru
Sif Muna
Trog
Uskayaw
Vehumet
Xom
Zin
The Shining One

Shops:
D:4 :   D:5 (   D:10 !


Innate Abilities, Weirdness & Mutations

You cannot wear most types of armour.
You are very stealthy in the water. (Stealth+)
You are amphibious.
You can wear up to eight rings at the same time.
You can use your tentacles to constrict eight enemies at once.
Your skin changes colour to match your surroundings (Stealth+).
Your rubbery body absorbs attacks. (AC +1, EV +1)
You are partially covered in molten scales. (AC +2)
Scrolls take you a little longer to read.
Your mind is acute. (Int +2)
Your body sometimes deteriorates upon taking damage.
You regenerate slowly when monsters are visible.
You are weak. (Str -2)


Message History

Aiming: Scattershot (will waste charges)
Press: ? - help, Shift-Dir - straight line, f - freezing wraith
Aim: a freezing wraith (heavily damaged)
The burst of metal fragments hits the freezing wraith. x6
The freezing wraith is heavily damaged.
Evoking this partially-identified wand wasted a few charges.
The freezing wraith closely misses you.
The freezing wraith completely misses you.
A freezing wraith comes into view.
Evoke which item? (* to show all) (? for menu, Esc to quit)
Okay, then.
Okay, then.
Really read with blurry vision while enemies are nearby?
You begin reading the scroll.
You continue reading the scroll.
The freezing wraith hits you!
* * * LOW HITPOINT WARNING * * *
The freezing wraith freezes you!!
You die...
Xom guffaws!
Fedhas appreciates your contribution to the ecosystem.

##.....
##...... ##
####.......
#.W
##..........
#..##
##....###....
#....##
#...### ###..
....## #..##
###
#W..###...#
#@..###..##
##...###..##
##...###..##
###.......#
###....##
######


You could see 2 freezing wraiths.

Vanquished Creatures
  Harold (D:11)
  2 two-headed ogres
  An unseen horror (D:10)
  A wandering mushroom (D:11)
  Maurice (D:8)
  A troll (D:10)
  A wolf spider simulacrum (IceCv)
  A hippogriff (D:9)
  A wyvern (D:10)
  3 hogs (D:8)
  A human (D:8)
  Edmund (D:6)
  A death yak simulacrum (IceCv)
  Menkaure (D:6)
  An acid dragon (D:11)
  A hornet zombie (Ossuary)
  2 phantoms
  4 black bears
  8 ice beasts
  4 ogres
  An eye of draining (D:10)
  2 centaurs
  A big kobold (D:10)
  4 bullfrogs
  A scorpion (D:10)
  A water moccasin zombie (Ossuary)
  4 killer bees (D:9)
  A swamp dragon simulacrum (IceCv)
  3 crimson imps
  5 howler monkeys
  3 bullfrog zombies (Ossuary)
  5 hounds
  A centaur zombie (D:6)
  3 bullfrog skeletons
  9 orc wizards
  Crazy Yiuf (D:4)
  2 orc priests (D:6)
  A gnoll shaman (D:9)
  3 jellies (D:9)
  An iguana (D:8)
  3 centaur skeletons
  10 mummies (Ossuary)
  4 worker ants
  A wolf simulacrum (IceCv)
  7 worker ant zombies (Ossuary)
  A howler monkey zombie (Ossuary)
  11 gnolls
  13 adders
  3 shadow imps
  5 white imps (IceCv)
  2 oozes (D:1)
  2 adder zombies (Ossuary)
  An adder skeleton (D:9)
  5 worms
  3 dart slugs
  3 leopard geckos
  25 orcs
  7 bats
  2 giant cockroaches (D:5)
  4 hobgoblins
  9 jackals
  10 kobolds
  2 quokkas
  2 ball pythons
  2 frilled lizards
  6 goblins
  2 jackal zombies
  A leopard gecko zombie (Ossuary)
  7 rats
242 creatures vanquished.

Vanquished Creatures (collateral kills)
  2 two-headed ogres
  Nergalle (D:10)
  An ugly thing (D:11)
  A troll (D:10)
  A shadow (D:11)
  A yak (D:8)
  A hungry ghost (D:7)
  An orc warrior (D:10)
  An eye of draining (D:11)
  6 ice beasts (D:11)
  A centaur (D:10)
  A scorpion (D:11)
  2 killer bees (D:9)
  A hound (D:5)
  An orc wizard (D:5)
  A bullfrog skeleton (D:11)
  3 jellies
  2 orc priests (D:9)
  An iguana (D:5)
  A worker ant (D:9)
  2 mummies (Ossuary)
  A worker ant zombie (Ossuary)
  A gnoll (D:3)
  An adder zombie (D:8)
  3 orcs
38 creatures vanquished.

Vanquished Creatures (others)
  An oklob plant (D:9)
  A hornet zombie (D:10)
  2 bullfrog zombies (Ossuary)
  An orc priest (D:6)
  A worker ant zombie (D:9)
  4 wandering mushrooms
  171 toadstools
  2 withered plants (Ossuary)
183 creatures vanquished.

Grand Total: 463 creatures vanquished

Notes
Turn   | Place    | Note
-------+----------+-------------------------------------------
     0 | D:1      | M4edhros the Octopode Artificer began the quest for the Orb.
     0 | D:1      | Reached XP level 1. HP: 13/13 MP: 3/3
   182 | D:1      | Reached XP level 2. HP: 11/18 MP: 4/4
   382 | D:2      | Reached XP level 3. HP: 21/23 MP: 5/5
   412 | D:2      | Reached skill level 5 in Stealth
   568 | D:2      | HP: 1/23 [jackal (3)]
   957 | D:3      | Reached XP level 4. HP: 15/28 MP: 6/6
  1439 | D:4      | Reached XP level 5. HP: 28/33 MP: 7/7
  1964 | D:4      | Reached XP level 6. HP: 33/38 MP: 8/8
  2037 | D:4      | Found a runed door.
  2219 | D:4      | Found Atomyg's Book Emporium.
  2406 | D:4      | Noticed Crazy Yiuf
  2413 | D:4      | Killed Crazy Yiuf
  2492 | D:5      | Entered Level 5 of the Dungeon
  2622 | D:5      | Found Dady's Weapon Emporium.
  2645 | D:5      | Found a sand-covered staircase.
  2654 | Ossuary  | Entered an ossuary
  2681 | Ossuary  | Reached XP level 7. HP: 37/45 MP: 9/9
  3748 | D:5      | Reached XP level 8. HP: 50/54 MP: 10/10
  4091 | D:6      | Reached skill level 5 in Dodging
  4101 | D:6      | Reached skill level 10 in Stealth
  4337 | D:6      | Noticed Edmund
  4357 | D:6      | Killed Edmund
  4365 | D:6      | Reached skill level 5 in Fighting
  4399 | D:6      | Noticed Menkaure
  4408 | D:6      | Killed Menkaure
  4443 | D:6      | Found a staircase to the Ecumenical Temple.
  4503 | Temple   | Entered the Ecumenical Temple
  4528 | Temple   | Became a worshipper of Xom of Unknown Intention
  4551 | Temple   | Fell from the grace of Xom
  4551 | Temple   | Became a worshipper of Fedhas Madash
  4877 | D:3      | Reached * piety under Fedhas
  5146 | D:3      | XOM: noise
  5494 | D:2      | Found a sacrificial altar of Ru.
  6090 | D:2      | Reached ** piety under Fedhas
  6274 | D:5      | Reached XP level 9. HP: 62/62 MP: 11/11
  6294 | D:5      | Reached skill level 1 in Invocations
  6463 | D:5      | XOM: summons 1 hostile shadow creature
  6529 | D:5      | Reached skill level 2 in Invocations
  6929 | D:5      | Reached skill level 3 in Invocations
  7264 | D:5      | XOM: medium Necr miscast
  7467 | D:7      | XOM: medium Erth miscast
  7496 | D:7      | XOM: polymorph wandering mushroom -> oklob plant
  7629 | D:7      | Reached skill level 4 in Invocations
  7818 | D:7      | XOM: polymorph wandering mushroom -> wandering mushroom
  7963 | D:7      | XOM: medium Necr miscast
  8098 | D:8      | XOM: give mutations
  8098 | D:8      | Gained mutation: Your body sometimes deteriorates upon taking damage. [Xom's mischief]
  8098 | D:8      | Gained mutation: Scrolls take you a little longer to read. [Xom's mischief]
  8098 | D:8      | Gained mutation: You are partially covered in molten scales. (AC +2) [Xom's mischief]
  8098 | D:8      | Gained mutation: You are frail. (-10% HP) [Xom's mischief]
  8145 | D:8      | XOM: god gift: wooden wand {god gift}
  8287 | D:8      | Reached skill level 5 in Invocations
  8401 | D:8      | XOM: noise
  8402 | D:8      | Reached skill level 6 in Invocations
  8410 | D:8      | Reached XP level 10. HP: 17/62 MP: 14/14
  8481 | D:8      | Noticed Maurice
  8575 | D:8      | Killed Maurice
  8598 | D:8      | Noticed a two-headed ogre
  8612 | D:8      | Killed a two-headed ogre
  8612 | D:8      | Reached skill level 7 in Invocations
  8945 | D:8      | XOM: polymorph wandering mushroom -> wandering mushroom
  9145 | D:9      | Reached *** piety under Fedhas
  9225 | D:9      | Reached skill level 8 in Invocations
  9234 | D:9      | XOM: polymorph wandering mushroom -> oklob plant
  9284 | D:9      | Found a staircase to the Lair.
  9323 | D:9      | XOM: noise
  9369 | D:9      | Noticed a two-headed ogre
  9377 | D:9      | Killed a two-headed ogre
  9531 | D:9      | XOM: mild Ice miscast
  9742 | D:10     | Entered Level 10 of the Dungeon
  9772 | D:10     | Noticed Nergalle
  9774 | D:10     | Noticed a two-headed ogre
  9784 | D:10     | Killed a two-headed ogre
  9784 | D:10     | Reached skill level 9 in Invocations
  9785 | D:10     | Reached XP level 11. HP: 45/69 MP: 16/18
  9792 | D:10     | Killed Nergalle
  9971 | D:10     | Reached skill level 10 in Invocations
 10008 | D:10     | XOM: 1-stop teleportation journey
 10054 | D:10     | Noticed an unseen horror
 10062 | D:10     | Killed an unseen horror
 10324 | D:10     | Found Yheyvv Zasm's Distillery.
 10418 | D:10     | Bought a potion of might for 56 gold pieces
 10575 | D:11     | XOM: noise
 10582 | D:11     | Noticed Harold
 10596 | D:11     | Killed Harold
 10744 | D:11     | XOM: medium Divn miscast
 10760 | D:11     | XOM: noise
 10772 | D:11     | XOM: medium Erth miscast
 10779 | D:11     | HP: 1/72 [something (24)]
 10784 | D:11     | Noticed a two-headed ogre
 10786 | D:11     | Reached skill level 11 in Invocations
 10792 | D:11     | Noticed a cyan ugly thing
 10792 | D:11     | Killed a two-headed ogre
 10800 | D:11     | Killed a cyan ugly thing
 10805 | D:11     | Lost mutation: You are frail. (-10% HP) [mutagenic meat]
 10806 | D:11     | Gained mutation: You regenerate slowly when monsters are visible. [mutagenic meat]
 10807 | D:11     | Gained mutation: You are weak. (Str -2) [mutagenic meat]
 10808 | D:11     | Gained mutation: Your mind is acute. (Int +2) [mutagenic meat]
 10829 | D:11     | Found a frozen archway.
 10840 | D:11     | HP: 2/80 [acid (15)]
 10873 | IceCv    | Entered an ice cave
 11402 | IceCv    | Demolished by a freezing wraith

Vault maps used:
D:1:      lightli_arrival_isolated_outpost, minmay_misc_feat_alley,
          minmay_liquid_box, kennysheep_pointless_box, hex_medium
D:2:      nicolae_ru_sacrificial_ziggurat
D:4:      serial_shops, kennysheep_mini_moat, grunt_ministairs_6,
          uniq_crazy_yiuf_cottage
D:5:      serial_shops, shop, first_bread, nicolae_ossuary_entry_ruins,
          st_stairs_10
D:6:      uniq_menkaure, uniq_edmund
D:8:      grunt_livestock, uniq_maurice
D:9:      lair_entry_dummy
D:10:     kennysheep_windowed_goal, uniq_nergalle
D:11:     portal_ice_cave_entry_ice_beasts, uniq_harold
Temple:   compressed_dpeg_circular_temple
Ossuary:  ossuary_zaba_flooded
IceCv:    ice_cave_small_necro

Skill      XL: |  1  2  3  4  5  6  7  8  9 10 11 |
---------------+----------------------------------+-----
Stealth        | 3 4 5 7 8 9 10 | 10.8
Fighting       | 2 4 5 6 8 9 |  9.3
Dodging        | 3 4 5 7 8 9 |  9.2
Invocations    | 6 9 11 | 11.6
Short Blades   | |  1.0
Evocations     | |  3.2

Action                   |  1- 3 |  4- 6 |  7- 9 | 10-12 || total
-------------------------+-------+-------+-------+-------++-------
Melee: Short sword       |    37 |    83 |   331 |   149 ||   600
       Constrict         |    11 |    21 |    76 |    35 ||   143
       Tentacles         |     5 |    10 |    77 |    53 ||   145
       Dire flail        |       |       |       |    31 ||    31
Invok: Fungal Bloom      |       |       |    36 |    26 ||    62
       Evolution         |       |       |     4 |     5 ||     9
       Sunlight          |       |       |       |     1 ||     1
Evoke: Wand              |       |     1 |    29 |    27 ||    57
  Use: Potion            |     1 |       |     2 |     4 ||     7
       Scroll            |       |     9 |     3 |    14 ||    26
 Stab: Sleeping          |     7 |    11 |    26 |    23 ||    67
       Distracted        |       |       |     1 |       ||     1
       Confused          |       |       |       |     3 ||     3
  Eat: Chunk             |       |     5 |     2 |     4 ||    11
       Bread ration      |       |       |     2 |       ||     2
       Meat ration       |       |       |     1 |     2 ||     3
       Royal jelly       |       |       |     1 |       ||     1
Armor: Skin              |     5 |     2 |     5 |    17 ||    29
Dodge: Dodged            |    33 |    47 |   219 |   244 ||   543
